[Event "Late-Titled-Tuesday-Blitz-February-06-2024"]
[Site "Chess.com"]
[Date "2024.02.06"]
[Round "2"]
[White "mac0504"]
[Black "ElDivis"]
[Result "0-1"]
[WhiteElo "2715"]
[BlackElo "2408"]
[TimeControl "180+1"]
[EndTime "14:20:01 PST"]
[Termination "ElDivis won by resignation"]

1. c4 e6 2. Nc3 d5 3. e3 Nf6 4. g4 Be7 5. g5 Ne4 6. Nxe4 dxe4 7. h4 b6 8. Ne2 Nd7 9. Bg2 Nc5 10. d4 Nd3+ 11.
Kf1 Bb7 12. Ng3 Nxc1 13. Rxc1 O-O 14. Nxe4 Rb8 15. Qg4 c5 16. Rd1 Qc7 17. b3 cxd4 18.
exd4 Kh8 19. Rh3 Rbd8 20. Kg1 Bc8 21. Qh5 e5 22. Rf3 Bb4 23. d5 Qd7 24. Rg3 Qf5 25.
Qe2 Qf4 26. h5 Bf5 27. h6 g6 28. Nf6 Bc5 29. Kh2 Qh4+ 30. Bh3 Bxh3 31. Rxh3 Qxg5 32. Ne4 Qf4+ 33. Kg2 Bd4 34. Rdd3 f5 35. Rhg3 Qxe4+ 36. Qxe4 fxe4 37. Rd1 Rxf2+ 38. Kh3 Rdf8 39. d6 R2f3 40. Kg4 Rd8 41. Rxf3 exf3 42. Kxf3 Rxd6 43. Ke4 Rf6 44. b4 Kg8 45. Kd5 Kf7 46. c5 bxc5 47. bxc5 Re6 48. Rb1 Re7 49. Rb8 Bf2 50. Rh8 Kf6 51. Rf8+ Kg5 52.
Rxf2 Kxh6 53. c6 Kg5 54. Kd6 Rg7 55. Kxe5 h5 56. Rg2+ Kh4 57. Kd6 g5 58. c7 Rg8 59.
Rc2 g4 60. c8=Q Rxc8 61. Rxc8 Kg3 62. Ke5 h4 63. Rc3+ Kh2 64. Kf4 g3 65. Rc2+ g2 66.
Kg4 h3 67. Kh4 Kh1 68. Kxh3 g1=Q 69. Rd2 Qf1+ 70. Kg3 Qe1+ 71. Rf2 Qe3+ 72. Rf3 Qg5+ 73. Kf2 Qd2+ 74. Kg3 Qg5+ 75. Kf2 Qh4+ 76. Ke3 Kg1 77. Rf4 Qg3+ 78. Ke4 Qg6+ 79. Rf5 Qc6+ 80. Rd5 Qc4+ 81. Ke5 Qxa2 82. Kd6 Qg2 83. Rc5 Qg6+ 84. Kd5 Qb6 85. Kc4 Kf2 86. Rb5 Qc6+ 87. Rc5 Qe6+ 88. Kb4 Qa6 89.
Rc4 Qb6+ 90. Kc3 a5 91. Rb4 Qxb4+ 0-1

[Event "Late-Titled-Tuesday-Blitz-February-06-2024"]
[Site "Chess.com"]
[Date "2024.02.06"]
[Round "2"]
[White "mitrabhaa"]
[Black "yobdc"]
[Result "1-0"]
[WhiteElo "2943"]
[BlackElo "2606"]
[TimeControl "180+1"]
[EndTime "14:20:04 PST"]
[Termination "mitrabhaa won by checkmate"]

1. d4 Nf6 2. Nf3 g6 3. g3 Bg7 4. c4 O-O 5. Bg2 c5 6. O-O cxd4 7. Nxd4 Nc6 8. Nc3 Nxd4 9. Qxd4 d6 10. b3 Be6 11. Bb2 Nd7 12. Qd2 Rb8 13. Rfd1 a6 14.
h4 b5 15. cxb5 axb5 16. h5 Ne5 17. Nd5 Bxd5 18. Bxd5 Ng4 19. Bxg7 Kxg7 20. Qb2+ Nf6 21. Bf3 b4 22. Kg2 Qa5 23. Rh1 Qe5 24. Qd2 g5 25.
h6+ Kh8 26. Rac1 g4 27. Bc6 Rfc8 28. Qd3 Rc7 29. Rc2 Rbc8 30. Rhc1 Ng8 31. Ba4 Rxc2 32. Rxc2 Rxc2 33. Qxc2 Nxh6 34. Qd2 Nf5 35. Bd7 e6 36. Be8 Kg7 37. Kg1 Qe4 38. Bb5 h6 39. Bd3 Qd4 40. Qc2 Ne7 41. Qc7 Ng6 42. Qb7 Ne5 43.
Bc4 Nxc4 44. bxc4 Qxc4 45. e3 Qxa2 46. Qxb4 h5 47. Qxd6 Qd5 48. Qe7 Qf5 49. Qd8 Qf6 50. Qd1 Qe5 51. Qa4 Qf5 52. Qd4+ Qf6 53. Qc5 h4 54.
gxh4 Qxh4 55. Qd4+ Kh7 56. Qe4+ Kg8 57. Qf4 Qh5 58.
Kg2 Kg7 59. Qd4+ Kg6 60. Qd8 Qd5+ 61. Qxd5 exd5 62. Kg3 Kg5 63. Kh2 f5 64. Kg2 Kf6 65. Kg3 Ke5 66. Kh4 Ke4 67. Kg3 d4 68. exd4 Kxd4 69. Kf4 Kd5 70. Kxf5 Kd6 71. Kxg4 Ke7 72.
Kg5 Kf7 73. Kf5 Kf8 74. Kf6 Kg8 75. f4 Kf8 76. f5 Kg8 77. Ke7 Kg7 78. f6+ Kg8 79.
f7+ Kh7 80. f8=Q Kg6 81. Qf7+ Kh6 82. Qg8 Kh5 83. Kf6 Kh4 84. Kf5 Kh3 85. Kf4 Kh2 86. Kf3 Kh1 87. Qg2# 1-0

[Event "Late-Titled-Tuesday-Blitz-February-06-2024"]
[Site "Chess.com"]
[Date "2024.02.06"]
[Round "2"]
[White "MolecularChemist"]
[Black "Fh2411"]
[Result "1/2-1/2"]
[WhiteElo "2951"]
[BlackElo "2617"]
[TimeControl "180+1"]
[EndTime "14:20:17 PST"]
[Termination "Game drawn by repetition"]

1. Nf3 d5 2. e3 c6 3. c4 Nf6 4.
Nc3 a6 5. b3 Bg4 6. Bb2 e6 7.
Be2 Nbd7 8. O-O Bd6 9. d4 Qb8 10.
h3 Bh5 11. Rc1 O-O 12. Qc2 b5 13. Rfe1 Rc8 14. Nd2 Bg6 15. Bd3 Bxd3 16. Qxd3 bxc4 17.
Qc2 cxb3 18. Nxb3 c5 19. dxc5 Nxc5 20. Nxc5 Rxc5 21. Ba3 Rc4 22. Bxd6 Qxd6 23. Qd2 Rac8 24. Ne2 h6 25. Qb2 Qd7 26. Nd4 Ne4 27. Rxc4 dxc4 28.
Qc2 f5 29. Rb1 e5 30. Nf3 Qe6 31. Rb7 c3 32. a3 Qd5 33. Re7 Rd8 34. Kh2 Nd2 35.
Qxf5 Nxf3+ 36. gxf3 e4 37. Re5 Qd6 38. Qxe4 Re8 39.
f4 Rxe5 40. fxe5 Qd2 41. Qc4+ Kh7 42. Qe4+ Kg8 43. Qc4+ Kh8 44. Qc8+ Kh7 45. Qf5+ Kh8 46. Qc8+ Kh7 47. Qf5+ Kh8 48. e6 c2 49. e7 Qd6+ 50. Kg2 Qxe7 51. Qxc2 Qxa3 52. Qc8+ Kh7 53. Qf5+ Kh8 54.
e4 a5 55. Qc8+ Kh7 56. Qf5+ Kh8 57. e5 Qc5 58. Qe4 Qa7 59. e6 Qe7 60. Qd5 a4 61.
f4 a3 62. f5 Qg5+ 63. Kf3 Qh5+ 64. Ke4 Qe2+ 65. Kf4 Qf2+ 66. Ke5 Qg3+ 67. Kd4 Qf2+ 68.
Kc4 Qa2+ 69. Kc5 Qxd5+ 70. Kxd5 a2 71. e7 a1=Q 72. e8=Q+ Kh7 73. Qg6+ Kh8 74. h4 Qa4 75. h5 Qb5+ 76. Ke4 Qe2+ 77. Kd5 Qb5+ 78. Ke6 Qc6+ 79.
Ke7 Qc7+ 80. Ke6 Qc6+ 81. Ke5 Qc5+ 82. Kf4 Qf2+ 83. Ke4 Qe2+ 84. Kd4 Qd2+ 85. Kc5 Qa5+ 86. Kc6 Qa6+ 87. Kc7 Qa7+ 88. Kd8 Qb8+ 89. Ke7 Qc7+ 90. Ke6 Qc6+ 1/2-1/2

[Event "Late-Titled-Tuesday-Blitz-February-06-2024"]
[Site "Chess.com"]
[Date "2024.02.06"]
[Round "2"]
[White "AryanTari"]
[Black "thesupera12"]
[Result "1-0"]
[WhiteElo "2928"]
[BlackElo "2514"]
[TimeControl "180+1"]
[EndTime "14:20:31 PST"]
[Termination "AryanTari won on time"]

1. Nf3 b6 2. e4 Bb7 3. Nc3 e6 4.
d4 d5 5. Bb5+ c6 6. Bd3 dxe4 7.
Nxe4 Nf6 8. Qe2 Nxe4 9. Bxe4 Nd7 10. Bg5 Be7 11. h4 h6 12. Bxe7 Qxe7 13. O-O-O O-O-O 14. Qc4 Kc7 15. d5 Qc5 16. d6+ Kb8 17. Qa4 Nf6 18.
d7 Rxd7 19. Rxd7 Nxd7 20. Qd4 Qxd4 21. Nxd4 Kc7 22. f4 Nf6 23. Bf3 Rd8 24. c3 c5 25.
Nb5+ Kb8 26. Bxb7 Kxb7 27. Kc2 a6 28. Na3 Kc6 29. Nc4 Ng4 30. Re1 b5 31. Nd2 Nf6 32.
Nf3 Ng4 33. a4 Kb6 34. axb5 axb5 35. Nd2 Rd5 36. g3 g5 37. fxg5 hxg5 38. h5 Rd8 39. Ne4 Rh8 40. Nxg5 Rxh5 41. Nxf7 e5 42. Re4 Rh2+ 43. Kb3 c4+ 44. Ka3 Nf2 45. Re2 Rh1 46.
b3 Nd3 47. bxc4 bxc4 48. Nd6 Kc5 49. Ne4+ Kd5 50. Nf6+ Ke6 51. Ne4 Rh8 52. Ka4 Rg8 53. Kb5 Nc1 54. Rh2 Rg4 55. Rh4 Rg8 56. Kxc4 Ne2 57. Rh6+ Ke7 58. Kd5 Nxc3+ 59. Nxc3 Rxg3 60. Ne4 Rd3+ 61. Kxe5 Ra3 62. Rh7+ Kf8 63. Nd6 Ra5+ 64. Kf6 Kg8 65. Rg7+ Kf8 66. Rc7 Ra8 67. Rf7+ Kg8 68. Rg7+ Kf8 69. Rg6 Ra6 70. Ke6 Rb6 71. Rg5 Ra6 72.
Rg3 Rb6 73. Ra3 Kg7 74. Ke7 Kh6 75. Rg3 Kh5 76. Ke6 Kh4 77. Rg8 Ra6 78. Ke5 Ra5+ 79. Kf4 Ra4+ 80. Ne4 Kh3 81. Kf3 Ra3+ 82. Kf4 Ra4 83.
Rg7 Rb4 84. Rd7 Ra4 85. Rd2 Rb4 86. Rd3+ Kg2 87. Ra3 Rc4 88. Ra2+ Kg1 89. Kf3 Rb4 90.
Ra3 Rc4 91. Ng3 Rc3+ 92. Rxc3 1-0

[Event "Late-Titled-Tuesday-Blitz-February-06-2024"]
[Site "Chess.com"]
[Date "2024.02.06"]
[Round "2"]
[White "Vasily85"]
[Black "OverallStranger"]
[Result "1-0"]
[WhiteElo "2517"]
[BlackElo "2268"]
[TimeControl "180+1"]
[EndTime "14:21:05 PST"]
[Termination "Vasily85 won by resignation"]

1. c3 d5 2. Nf3 Nf6 3. g3 g6 4. Bg2 Bg7 5. O-O O-O 6. d3 c5 7. Qa4 Nc6 8. Qh4 Re8 9. Bg5 Qd6 10. e4 h5 11. Nbd2 Be6 12. Rfe1 Ng4 13. h3 Nge5 14. Nxe5 Bxe5 15. exd5 Bxd5 16. Nc4 Bxc4 17. dxc4 Bg7 18. Rad1 Qc7 19. Qe4 e6 20. Rd3 Qa5 21. Rd7 Qxa2 22. Rxb7 Na5 23. Rc7 Rab8 24. Qf3 Rf8 25. Be7 Qxb2 26. Bxf8 Rxf8 27. Rxa7 Qxc3 28. Qxc3 Bxc3 29. Rc1 Bb4 30. Bf1 Nb3 31. Rd1 Nd4 32. Rda1 Bc3 33. R7a3 Bxa1 34. Rxa1 Rb8 35. Ra5 Nb3 36. Ra7 Nd4 37. Rc7 Nb3 38. Bd3 Kf8 39. Bc2 Nd4 40. Bd3 Nb3 41. Bc2 Na5 42. Rxc5 Nb7 43. Rc7 Nd6 44. c5 Nb5 45. Rd7 Rc8 46. Ba4 Rxc5 47. Bxb5 Rxb5 48. h4 Ke8 49. Rd3 Rd5 50. Ra3 Rd8 51. Kg2 Rd7 52. Ra8+ Ke7 53.
Ra3 Kf6 54. Kf3 Rb7 55. Kg2 Rb2 56. Rf3+ Ke5 57. Re3+ Kf6 58. Rf3+ Ke7 59. Re3 f6 60. Ra3 e5 61. Ra7+ Ke6 62. Ra6+ Kf5 63. Rc6 Rd2 64. Ra6 Rd5 65. Rb6 Rc5 66. Ra6 Rc2 67. Rb6 e4 68.
Rb5+ Kg4 69. Rb4 f5 70. Rb6 f4 71. Rxg6+ Kf5 72. Rg5+ Kf6 73. gxf4 e3 74. Rxh5 Rxf2+ 75. Kg3 Rf1 76. Re5 Re1 77. Kf3 Rh1 78. h5 Rh3+ 79. Ke2 Kf7 80. Rg5 Kf6 81. Ra5 Rh4 82. Kxe3 Rh3+ 83. Ke4 Rh1 84. Ra6+ Kf7 85. Kf5 Rxh5+ 86. Kg4 Rb5 87. Rc6 Rb1 88. Kg5 Rg1+ 89. Kf5 Rb1 90. Rc7+ Ke8 91. Kg6 Rb6+ 92. Kg7 Rb1 93. f5 Rg1+ 94.
Kf6 Kd8 95. Rg7 Ra1 96. Kf7 Ra7+ 97. Kg6 Ra1 98. f6 Rg1+ 99. Kf7 Ra1 100. Rg4 Ra7+ 101. Kf8 Ra1 102. f7 Rd1 103. Kg8 Rf1 104. f8=Q+ Rxf8+ 105. Kxf8 Kd7 106. Kg7 Ke6 107. Kg6 Ke5 108. Kg5 Ke6 109. Rf4 Kd5 110. Kg4 Ke6 111. Kf3 Ke5 112. Ke3 Kd6 113. Ke4 Ke6 114. Rf5 Ke7 115. Ke5 Kd7 116. Rf6 Ke7 117. Kf5 Ke8 118. Ke6 1-0

[Event "Late-Titled-Tuesday-Blitz-February-06-2024"]
[Site "Chess.com"]
[Date "2024.02.06"]
[Round "2"]
[White "karinachess1"]
[Black "Rud_Makarian"]
[Result "1/2-1/2"]
[WhiteElo "2655"]
[BlackElo "3033"]
[TimeControl "180+1"]
[EndTime "14:21:34 PST"]
[Termination "Game drawn by repetition"]

1. d4 Nf6 2. c4 e6 3. Nc3 d5 4. cxd5 exd5 5. Bg5 c6 6. e3 h6 7.
Bh4 Be7 8. Bd3 O-O 9. Nf3 Nbd7 10. Qc2 Re8 11. O-O Ne4 12. Bxe7 Qxe7 13. Rab1 a5 14. a3 Ndf6 15. Na4 Nd6 16. Nc5 Nfe4 17. b4 axb4 18. axb4 Bf5 19. Nd2 Nxd2 20. Qxd2 Nc4 21. Qd1 Bxd3 22.
Nxd3 b5 23. Ra1 Ra7 24. Nc5 Rea8 25. Rxa7 Rxa7 26. Qg4 Qe8 27. h4 Qd8 28. h5 Ra2 29.
Qf5 Nd6 30. Qf4 Ne8 31. Rc1 Nf6 32. Nd3 Nxh5 33. Qf3 Qh4 34. Ne5 Nf6 35. g3 Qh3 36. Nxc6 Qg4 37. Qxg4 Nxg4 38. Rf1 Kf8 39. Ne5 Nxe5 40.
dxe5 Ke7 41. Rc1 Ke6 42. Rc5 Kxe5 43. Rxb5 f5 44. Kg2 g5 45. Rb8 Rb2 46. b5 Kf6 47. b6 Kg6 48. Rd8 Rxb6 49. Rxd5 Ra6 50. Rd4 Rb6 51.
Rc4 Ra6 52. Rd4 Rc6 53. Rb4 Rd6 54. Ra4 Rd2 55. Ra6+ Kh5 56. Rb6 Rd5 57. Ra6 Rb5 58.
Rc6 g4 59. Rd6 Kg5 60. Rd8 Rb6 61. Rg8+ Rg6 62. Rf8 h5 63. Rh8 Rh6 64. Rg8+ Kf6 65. Rf8+ Ke6 66. Re8+ Kf7 67. Re5 Kf6 68. Ra5 Kg5 69. Ra8 Rg6 70. Rh8 Rg7 71. Rf8 Kg6 72. Rh8 Rh7 73. Rg8+ Kf6 74. Rf8+ Ke6 75. Re8+ Kf7 76.
Re5 Kf6 77. Ra5 h4 78. gxh4 Rxh4 79. Ra6+ Kg5 80. Ra8 Rh7 81. Rg8+ Kf6 82. Rf8+ Ke6 83. Re8+ Kf7 84. Re5 Kf6 85. Ra5 Rc7 86. Ra6+ Kg5 87. Ra8 Rc4 88. Rg8+ Kf6 89. Rf8+ Ke6 90. Re8+ Kf7 91.
Re5 Kf6 92. Ra5 Rb4 93. Ra6+ Kg5 94. Ra5 Rc4 95. Rb5 Re4 96. Ra5 Re6 97. Rb5 Re8 98.
Ra5 Rf8 99. Rb5 Kh4 100. Ra5 Rf7 101. Rb5 Kg5 102. Ra5 Re7 103. Rb5 Kf6 104. Ra5 Re5 105. Ra6+ Kg5 106. Ra8 Rb5 107. Rg8+ Kf6 108. Rf8+ Ke5 109. Re8+ Kd5 110. Kg3 Rb4 111. Kg2 Re4 112. Rf8 Ke5 113. Re8+ Kd5 114. Rf8 Re5 115. Rd8+ Ke6 116. Re8+ Kf6 117. Rf8+ Kg7 118. Ra8 Kg6 119. Ra6+ Kg5 120. Ra8 Re6 121. Rg8+ Rg6 122. Rf8 Rf6 123. Rg8+ Rg6 124. Rf8 Rf6 125. Rg8+ Rg6 1/2-1/2

[Event "Late-Titled-Tuesday-Blitz-February-06-2024"]
[Site "Chess.com"]
[Date "2024.02.06"]
[Round "2"]
[White "MikaelyanArman"]
[Black "Nf3c5"]
[Result "1/2-1/2"]
[WhiteElo "2856"]
[BlackElo "2576"]
[TimeControl "180+1"]
[EndTime "14:21:47 PST"]
[Termination "Game drawn - insufficient material"]

1. d4 Nf6 2. Nf3 e6 3. c4 Bb4+ 4. Nbd2 O-O 5. g3 d6 6. Bg2 Nc6 7. O-O Bxd2 8. Qxd2 e5 9. dxe5 Nxe5 10. Nxe5 dxe5 11. Qxd8 Rxd8 12. Bg5 c6 13. Rfd1 Bg4 14. Kf1 h6 15. Be3 Be6 16. b3 a5 17. a4 Kf8 18. h3 Ke8 19. g4 Rxd1+ 20. Rxd1 Nd7 21. Be4 Ke7 22. Kg2 Rc8 23. Kg3 b6 24. f4 f6 25. f5 Bf7 26. h4 Nc5 27. Bc2 Rd8 28.
Rh1 Rh8 29. Rh2 Kd6 30. Rh1 Ke7 31. Bc1 Kd6 32. Rd1+ Kc7 33. g5 hxg5 34. hxg5 fxg5 35. Bxg5 Re8 36. Rh1 Kd6 37. Rh7 Rg8 38. Kf2 Nd7 39. Rh1 Nf6 40. Rd1+ Kc7 41. Rg1 Kd6 42. Be3 c5 43.
Bc1 Ke7 44. Bb2 Nd7 45. Be4 Kf6 46. Bc1 Ke7 47. Bg5+ Nf6 48. Bf3 Rh8 49. Be3 Rg8 50.
Rd1 e4 51. Bf4 exf3 52. Bd6+ Ke8 53. Kxf3 Bh5+ 54. Kf4 Nd7 55. Rd3 Bf7 56. e4 g6 57. Bc7 gxf5 58. exf5 Rg1 59. Re3+ Kf8 60. Bd6+ Kg8 61. Re7 Nf6 62. Rb7 Rf1+ 63. Ke3 Ng4+ 64. Ke2 Rxf5 65. Rxb6 Rf2+ 66. Ke1 Rb2 67. Bxc5 Ne5 68.
Rb8+ Kh7 69. Bd6 Nd3+ 70. Kf1 Bh5 71. Rf8 Kg7 72. Rf5 Rb1+ 73. Kg2 Bg6 74. Rd5 Ne1+ 75. Kg3 Nd3 76. c5 Rxb3 77. Kg4 Nb4 78. Be5+ Kf7 79.
Rd6 Bc2 80. Rf6+ Ke7 81. Rb6 Bd1+ 82. Kg5 Re3 83. Bf6+ Kd7 84. Rd6+ Kc7 85. Rxd1 Nc6 86. Rh1 Re6 87. Kf5 Re2 88. Rh7+ Kc8 89. Rh8+ Kc7 90. Rh7+ Kc8 91. Bg5 Re5+ 92. Kf6 Rxc5 93. Bf4 Rc2 94. Ke6 Nd8+ 95. Kd5 Nb7 96. Rh8+ Kd7 97. Rh7+ Kc8 98. Be5 Nd8 99. Ra7 Nb7 100. Ke6 Nc5+ 101. Kd6 Nxa4 102. Rxa5 Nb6 103. Bd4 Kb7 104. Rb5 Rc6+ 105. Ke7 Ka6 106. Rb1 Nd5+ 107. Kd7 Rc2 108. Kd6 Nc3 109. Rb6+ Ka5 110. Rb8 Nb5+ 111. Ke5 Nxd4 112. Kxd4 Rc7 113. Rd8 Kb6 114. Rd5 Rc1 115. Rd6+ Kc7 116. Rh6 Rd1+ 117. Ke5 Re1+ 118. Kd5 Rd1+ 119. Ke5 Rc1 120. Rh7+ Kb6 121. Rh6+ Kb5 122. Rh8 Re1+ 123. Kd5 Rd1+ 124. Ke5 Re1+ 125. Kd5 Rg1 126. Rb8+ Ka6 127. Rh8 Rg5+ 128. Kc6 Rg6+ 129. Kc5 Ka7 130. Rh7+ Ka6 131. Re7 Rg5+ 132. Kc6 Rg6+ 133. Kc5 Rh6 134. Rd7 Rg6 135. Rd6+ Rxd6 136. Kxd6 1/2-1/2

[Event "Late-Titled-Tuesday-Blitz-February-06-2024"]
[Site "Chess.com"]
[Date "2024.02.06"]
[Round "3"]
[White "giovannibrandao7"]
[Black "DucksParadise"]
[Result "1-0"]
[WhiteElo "2228"]
[BlackElo "2528"]
[TimeControl "180+1"]
[EndTime "14:23:55 PST"]
[Termination "giovannibrandao7 won by resignation"]

1. e4 c6 2. d4 d5 3. Nc3 dxe4 4.
Nxe4 Nf6 5. Nxf6+ exf6 6. c3 Bd6 7. Bd3 O-O 8. Qc2 Re8+ 9. Ne2 h5 10. Bd2 Nd7 11.
O-O-O Nf8 12. Kb1 Be6 13. h3 h4 14. f4 Qa5 15. c4 b5 16. Bxa5 1-0

[Event "Late-Titled-Tuesday-Blitz-February-06-2024"]
[Site "Chess.com"]
[Date "2024.02.06"]
[Round "3"]
[White "ValeriyGrinev"]
[Black "bascheyaro"]
[Result "0-1"]
[WhiteElo "2544"]
[BlackElo "2784"]
[TimeControl "180+1"]
[EndTime "14:24:04 PST"]
[Termination "bascheyaro won by resignation"]

1. d4 d5 2. c4 c6 3. cxd5 cxd5 4. Bf4 Nc6 5. e3 Bf5 6. Nc3 e6 7. Qb3 Qb6 8. Qxb6 axb6 9. Bb5 Bb4 10. Ne2 Nf6 11.
f3 Ke7 12. g4 Bg6 13. h4 h6 14. Kf2 Rhc8 15. Bg3 Ne8 16. a3 Bd6 17. Rhc1 Bxg3+ 18. Kxg3 Nd6 19. Nf4 Na5 20. Nxg6+ fxg6 21. Rc2 Nxb5 0-1

[Event "Late-Titled-Tuesday-Blitz-February-06-2024"]
[Site "Chess.com"]
[Date "2024.02.06"]
[Round "3"]
[White "bitter-cikolata"]
[Black "CarlosjPineror"]
[Result "0-1"]
[WhiteElo "2480"]
[BlackElo "2703"]
[TimeControl "180+1"]
[EndTime "14:24:09 PST"]
[Termination "CarlosjPineror won by checkmate"]

1. e4 c5 2. Nf3 e6 3. d4 cxd4 4.
Nxd4 a6 5. Nc3 Qc7 6. Bd3 Nf6 7. O-O h5 8. Bg5 Ng4 9. Nf3 Nc6 10. h3 Bc5 11.
Qe2 Nd4 12. Nxd4 Qh2# 0-1

[Event "Late-Titled-Tuesday-Blitz-February-06-2024"]
[Site "Chess.com"]
[Date "2024.02.06"]
[Round "3"]
[White "Cambek64"]
[Black "KantorGergely"]
[Result "0-1"]
[WhiteElo "2492"]
[BlackElo "2754"]
[TimeControl "180+1"]
[EndTime "14:24:12 PST"]
[Termination "KantorGergely won by checkmate"]

1. e3 c5 2. d4 g6 3. c4 Bg7 4.
Nc3 Nf6 5. d5 O-O 6. e4 e6 7. Nf3 exd5 8. exd5 Re8+ 9. Be2 d6 10. O-O Bg4 11. h3 Bxf3 12. Bxf3 Nbd7 13. Bf4 Ne5 14. Bxe5 Rxe5 15. Re1 Qe7 16. Kf1 Re8 17.
Qd2 Bh6 18. Rxe5 Qxe5 19. Qxh6 Qh2 20. g3 Ng4 21. Bxg4 Qh1# 0-1

[Event "Late-Titled-Tuesday-Blitz-February-06-2024"]
[Site "Chess.com"]
[Date "2024.02.06"]
[Round "3"]
[White "abeljusto"]
[Black "delqate"]
[Result "0-1"]
[WhiteElo "2064"]
[BlackElo "2363"]
[TimeControl "180+1"]
[EndTime "14:24:35 PST"]
[Termination "delqate won by resignation"]

1. e4 d5 2. exd5 Qxd5 3. Nc3 Qd8 4. d4 Nf6 5. Bc4 a6 6. Nf3 b5 7. Bb3 c5 8. dxc5 Qxd1+ 9. Nxd1 e6 10. Be3 Bb7 11.
h3 Nbd7 12. c6 Bxc6 13. c3 Bc5 14. Nd4 Bxg2 15. Rg1 Bxh3 16. Rxg7 Ne5 17. Nxe6 Bxe6 18. Bxc5 Nd3+ 19. Kf1 Nxc5 20. Bxe6 Nxe6 21. Ne3 Nxg7 0-1

[Event "Late-Titled-Tuesday-Blitz-February-06-2024"]
[Site "Chess.com"]
[Date "2024.02.06"]
[Round "3"]
[White "Gentlejimmy7"]
[Black "DraningWaterHi"]
[Result "0-1"]
[WhiteElo "2524"]
[BlackElo "2194"]
[TimeControl "180+1"]
[EndTime "14:24:50 PST"]
[Termination "DraningWaterHi won by resignation"]

1. e4 c5 2. Nf3 d6 3. d4 cxd4 4. Nxd4 Nf6 5. f3 e5 6. Nb3 Nc6 7. c4 Be7 8. Nc3 O-O 9. Be3 a6 10. Be2 Nd7 11. Qd2 f5 12. O-O Nf6 13. Rfd1 Be6 14. c5 dxc5 15. Nxc5 Bxc5 16. Bxc5 Re8 17. exf5 Bxf5 18. Qg5 Qc8 19. Rd6 Bg6 20. Rxf6 gxf6 21. Qxf6 Nd4 22. Bc4+ Ne6 23. Re1 Qxc5+ 24. Kh1 Qxc4 0-1

[Event "Late-Titled-Tuesday-Blitz-February-06-2024"]
[Site "Chess.com"]
[Date "2024.02.06"]
[Round "3"]
[White "GAusal"]
[Black "mightysmasher"]
[Result "0-1"]
[WhiteElo "2301"]
[BlackElo "2566"]
[TimeControl "180+1"]
[EndTime "14:25:21 PST"]
[Termination "mightysmasher won by resignation"]

1. d4 d5 2. Nf3 Nf6 3. Bf4 Bf5 4. e3 e6 5. c3 Bd6 6. Bd3 Bxf4 7. Bxf5 Bxe3 8.
fxe3 exf5 9. Qb3 b6 10. Ne5 O-O 11. O-O Nbd7 12. Rxf5 Nxe5 13. Rxe5 c6 14. Nd2 Ng4 15.
Rf5 Nxe3 16. Rf3 Ng4 17. Raf1 Qd6 18. g3 Qh6 19. h4 Qxd2 0-1

[Event "Late-Titled-Tuesday-Blitz-February-06-2024"]
[Site "Chess.com"]
[Date "2024.02.06"]
[Round "3"]
[White "LUISMIGUELOV"]
[Black "argentum049"]
[Result "0-1"]
[WhiteElo "2216"]
[BlackElo "2475"]
[TimeControl "180+1"]
[EndTime "14:25:26 PST"]
[Termination "argentum049 won by checkmate"]

1. d4 Nf6 2. c3 d5 3. Bg5 c5 4.
e3 Nc6 5. Bxf6 gxf6 6. g3 e5 7. dxc5 Bxc5 8. Bg2 Be6 9. Ne2 Qd7 10. Nd2 h5 11. h4 Bb6 12. Nb3 O-O-O 13. Qd2 Kb8 14.
O-O-O a5 15. a3 a4 16. Na1 Na5 17. Kb1 Qb5 18. Qc2 Nc4 19. Kc1 Bf5 20. e4 dxe4 21.
Bh3 Bg6 22. Bg2 e3 23. Be4 Bxe4 24. Qxe4 Qxb2# 0-1

[Event "Late-Titled-Tuesday-Blitz-February-06-2024"]
[Site "Chess.com"]
[Date "2024.02.06"]
[Round "3"]
[White "martinez_95"]
[Black "tolimachess"]
[Result "1-0"]
[WhiteElo "2227"]
[BlackElo "2451"]
[TimeControl "180+1"]
[EndTime "14:25:34 PST"]
[Termination "martinez_95 won by resignation"]

1. d4 d5 2. Nf3 Nf6 3. e3 Bf5 4. b3 e6 5. Bb2 Be7 6. Ne5 O-O 7. Nd2 Nbd7 8. g4 Bg6 9. h4 h5 10. g5 Ne4 11. Nxg6 fxg6 12. Nxe4 dxe4 13. Bh3 e5 14.
dxe5 Bb4+ 15. c3 Ba5 16. Qxd7 Qxd7 17. Bxd7 1-0

[Event "Late-Titled-Tuesday-Blitz-February-06-2024"]
[Site "Chess.com"]
[Date "2024.02.06"]
[Round "3"]
[White "ChristopherYoo"]
[Black "Witik"]
[Result "1-0"]
[WhiteElo "3017"]
[BlackElo "2748"]
[TimeControl "180+1"]
[EndTime "14:25:38 PST"]
[Termination "ChristopherYoo won by resignation"]

1. e4 c6 2. Nf3 d5 3. exd5 cxd5 4. Ne5 Nf6 5. d4 g6 6. Bb5+ Nbd7 7. O-O Bg7 8. Re1 O-O 9. Nd2 e6 10. Qe2 Qc7 11.
Ndf3 Ne4 12. Bf4 Nxe5 13. Bxe5 Qb6 14. Bxg7 Kxg7 15. c3 a6 16. Bd3 Nf6 17. Qe5 Bd7 18. g4 h6 19. h4 Rh8 20. g5 hxg5 21. hxg5 Qd8 22. Kg2 1-0

[Event "Late-Titled-Tuesday-Blitz-February-06-2024"]
[Site "Chess.com"]
[Date "2024.02.06"]
[Round "3"]
[White "katharinareinecke"]
[Black "Veleamater"]
[Result "1-0"]
[WhiteElo "1979"]
[BlackElo "2324"]
[TimeControl "180+1"]
[EndTime "14:25:54 PST"]
[Termination "katharinareinecke won by resignation"]

1. e4 d6 2. d4 g6 3. g3 Bg7 4. Bg2 Nf6 5. c4 O-O 6. Nc3 Nc6 7. Nf3 h6 8. O-O e5 9. d5 Ne7 10. h3 Ne8 11. Ne1 f5 12. f4 Nf6 13. Nd3 Nh5 14. Kh2 exf4 15. Nxf4 Nxf4 16. Bxf4 g5 17. Bd2 Ng6 18. Qc2 f4 19. gxf4 Nxf4 20. Bxf4 Rxf4 21.
Rxf4 Be5 22. Ne2 gxf4 23. Kh1 Qg5 24. Ng1 Kh7 25. Rf1 Qg3 26. Qf2 Qh4 27. Qxh4 1-0

[Event "Late-Titled-Tuesday-Blitz-February-06-2024"]
[Site "Chess.com"]
[Date "2024.02.06"]
[Round "3"]
[White "Tsschessulover"]
[Black "Vladimir_Zakhartsov"]
[Result "0-1"]
[WhiteElo "2582"]
[BlackElo "2816"]
[TimeControl "180+1"]
[EndTime "14:25:55 PST"]
[Termination "Vladimir_Zakhartsov won by resignation"]

1. d4 Nf6 2. Nf3 e6 3. Bf4 c5 4.
c3 Nc6 5. e3 d5 6. Nbd2 Bd6 7. Bg3 O-O 8. Bd3 Qe7 9. Bxd6 Qxd6 10.
dxc5 Qxc5 11. e4 e5 12. exd5 Qxd5 13. Qc2 e4 14. Nxe4 Nxe4 15. Bxe4 Re8 16. O-O Rxe4 17. Rad1 Qf5 18. Rde1 Rxe1 19. Rxe1 Be6 0-1

[Event "Late-Titled-Tuesday-Blitz-February-06-2024"]
[Site "Chess.com"]
[Date "2024.02.06"]
[Round "3"]
[White "eCztery"]
[Black "Yeritsyaan"]
[Result "1-0"]
[WhiteElo "2428"]
[BlackElo "2599"]
[TimeControl "180+1"]
[EndTime "14:25:57 PST"]
[Termination "eCztery won by resignation"]

1. e4 e6 2. Nf3 d5 3. exd5 exd5 4. d4 Nc6 5. Bb5 Bd6 6. c4 Ne7 7. c5 a6 8. Bxc6+ Nxc6 9. cxd6 Qxd6 10. O-O O-O 11.
Nc3 Bg4 12. Be3 Rfe8 13. h3 Bh5 14. Re1 Re6 15. g4 Bg6 16. Qd2 Rae8 17. Bf4 Qb4 18. Rxe6 fxe6 19. Re1 Rf8 20. Ne5 Nxd4 21. Nxd5 Rxf4 22. Qxb4 exd5 23. Qe7 Be4 24. Rxe4 dxe4 25.
Qd8+ Rf8 1-0

[Event "Late-Titled-Tuesday-Blitz-February-06-2024"]
[Site "Chess.com"]
[Date "2024.02.06"]
[Round "3"]
[White "rezamahdavi2008"]
[Black "szachmistrz2500"]
[Result "1-0"]
[WhiteElo "2837"]
[BlackElo "2505"]
[TimeControl "180+1"]
[EndTime "14:26:04 PST"]
[Termination "rezamahdavi2008 won by resignation"]

1. e4 c5 2. Nf3 d6 3. d4 cxd4 4. Nxd4 Nf6 5. Nc3 a6 6. Bc4 e6 7. Be3 b5 8. Bb3 Nbd7 9. Bxe6 fxe6 10. Nxe6 Qa5 11. a3 d5 12. b4 Bxb4 13. axb4 Qxb4 14. Bd2 Qd6 15. Nxg7+ Kf7 16. Nf5 Qe5 17. f4 Qe6 18. Nh6+ Kg7 19. f5 Qe5 20. Ng4 Qd4 21. Bh6+ 1-0

[Event "Late-Titled-Tuesday-Blitz-February-06-2024"]
[Site "Chess.com"]
[Date "2024.02.06"]
[Round "3"]
[White "xakevicius91"]
[Black "Bkmzzzzz"]
[Result "0-1"]
[WhiteElo "2594"]
[BlackElo "2421"]
[TimeControl "180+1"]
[EndTime "14:26:10 PST"]
[Termination "Bkmzzzzz won by resignation"]

1. e4 d6 2. d4 Nf6 3. Nc3 e5 4. Nge2 Nbd7 5. h3 Be7 6. g4 O-O 7. Bg2 c6 8. a4 a5 9. g5 Nh5 10.
Bf3 Nf4 11. Nxf4 exf4 12. h4 f5 13. Qd3 g6 14. Bd2 fxe4 15. Bxe4 d5 16. Bf3 Nb6 17. O-O-O Bf5 18. Qf1 Nc4 19. Qg2 Qb6 20. b3 Ba3+ 21. Kb1 Qxb3+ 0-1

[Event "Late-Titled-Tuesday-Blitz-February-06-2024"]
[Site "Chess.com"]
[Date "2024.02.06"]
[Round "3"]
[White "Perecke"]
[Black "Ready4abattle"]
[Result "0-1"]
[WhiteElo "2551"]
[BlackElo "2318"]
[TimeControl "180+1"]
[EndTime "14:26:13 PST"]
[Termination "Ready4abattle won by checkmate"]

1. e4 c5 2. Nf3 Nc6 3. d4 cxd4 4. Nxd4 e5 5. Nb5 d6 6. c4 Be7 7. N1c3 a6 8. Na3 f5 9. exf5 Bxf5 10. Bd3 Be6 11. O-O Nf6 12. Nc2 O-O 13. f4 exf4 14.
Bxf4 Qb6+ 15. Kh1 Ne5 16. b3 Rac8 17. Nd4 Bg4 18. Be2 Bxe2 19. Ncxe2 Ng6 20. Bg3 Rf7 21. Nf5 Rd8 22. Nc3 Bf8 23. Nd5 Nxd5 24. Qxd5 Qc7 25. Nd4 Rd7 26. Rxf7 Rxf7 27. Rf1 Ne5 28. Bxe5 dxe5 29.
Ne6 Rxf1# 0-1